cohdb
Replays
Latest Replays
All Replays
Popular Replays
Top Player Replays
Match Explorer
How It Works
Community
CoH3 Stats
Reddit
Sign in to upload your games and track your stats! →
Sign in with Steam
Match 44686281
Unlisted
Match 44686281
Overview
Messages
Build Orders
End
Kradschützen Motorcycle Team
Panzergrenadier Squad
Panzergrenadier Squad
Construct Light Support Kompanie
Panzergrenadier Squad
Selects Panzerjäger Kommand Battlegroup
Selects Tank Busters
Selects Mine Fields
Construct Mechanized Kompanie
MG34 Team
Support Armor Elements
Assault Mechanized Group
Selects Early Warning
StuG III D Assault Gun
Panzerjäger Squad
StuG III D Assault Gun
Marder III Tank Destroyer
CPU - Very Easy
Barbarossa
爬爬
Resident Alien
0
0
Comments
sign in to comment!
No comments posted yet!